 Dungeon Crawl Stone Soup version 0.20-a0-1078-g4874019 (webtiles) character file.

3298 kuniqs the Skirmisher (level 9, 0/71 HPs)
             Began as a Demonspawn Fighter on Apr 30, 2017.
             Was a Believer of Okawaru.
             Killed by the air
             ... invoked by Gastronok
              (19 damage)
             ... on level 8 of the Dungeon.
             The game lasted 00:08:52 (5883 turns).

kuniqs the Skirmisher (Demonspawn Fighter)          Turns: 5883, Time: 00:08:52

Health: 0/71       AC: 14    Str: 21    XL:     9   Next: 70%
Magic:  11/11      EV: 11    Int: 11    God:    Okawaru [**....]
Gold:   387        SH: 10    Dex: 15    Spells: 8/8 levels left

rFire    + . .     SeeInvis .   v - +12 trident of the Forgotten Coins {drain, rElec}
rCold    . . .     Gourm    .   z - +0 shield {AC+3}
rNeg     . . .     Faith    +   b - +0 scale mail
rPois    .         Spirit   .   (helmet restricted)
rElec    +         Reflect  .   (no cloak)
rCorr    .         Harm     .   (no gloves)
MR       .....                  k - +0 pair of boots
Stlth    ..........             o - amulet of faith
Regen    0.3/turn               (no ring)
MPRegen  0.2/turn               (no ring)

@: mighty, slowed, very slow
A: horns 1, thin metallic scales 2, fire resistance 1, augmentation 1, flame
cloud immunity
a: Heroism, Renounce Religion


You were on level 8 of the Dungeon.
You worshipped Okawaru.
Okawaru was pleased with you.
You were full.

You visited 2 branches of the dungeon, and saw 9 of its levels.

You collected 387 gold pieces.

Inventory:

Hand Weapons
 a - a +0 long sword
 l - a +1 dagger of venom
 s - a +2 flail of protection
 v - the +12 trident of the Forgotten Coins (weapon) {drain, rElec}
   (You found it on level 4 of the Dungeon)

   A truly terrible weapon, it drains the life of those it strikes.
   It insulates you from electricity.
Armour
 b - a +0 scale mail (worn)
 k - a +0 pair of boots (worn)
 z - a +0 shield of protection (worn)
Jewellery
 o - an amulet of faith (around neck)
Wands
 y - a wand of flame (31/48)
 A - a wand of lightning (5/15)
 E - a wand of paralysis (7/24)
Scrolls
 j - 4 scrolls of identify {unknown}
 n - 7 scrolls of remove curse {unknown}
 r - 2 scrolls of recharging {unknown}
 x - 2 scrolls of teleportation {unknown}
 D - a scroll of magic mapping {unknown}
Potions
 c - 2 potions of flight {unknown}
 g - a potion of haste {unknown}
 h - 2 potions of cancellation {unknown}
 i - a potion of lignification {unknown}
 m - 5 potions of curing {unknown}
 p - a potion of berserk rage {unknown}
 q - 4 potions of heal wounds {unknown}
 t - a potion of brilliance {unknown}
 u - 3 potions of might
 w - a potion of magic {unknown}
 B - a potion of degeneration {unknown}
Comestibles
 d - 9 bread rations
 e - 3 meat rations
 f - 6 fruits


   Skills:
 + Level 6.6 Fighting
 - Level 3.0 Long Blades
 + Level 4.7 Polearms
 + Level 6.1 Armour
 + Level 5.3 Dodging
 + Level 6.1 Shields
 + Level 3.8 Invocations


You had 8 spell levels left.
You didn't know any spells.

Dungeon Overview and Level Annotations

Branches:
Dungeon (8/15)             Temple (1/1) D:6
   Lair: D:8-11

Altars:
Ashenzari
Cheibriados
Dithmenos
Elyvilon
Fedhas
Gozag
Hepliaklqana
Kikubaaqudgha
Makhleb
Nemelex Xobeh
Okawaru
Qazlal
Ru
Sif Muna
Trog
Uskayaw
Vehumet
Wu Jian
Xom
Yredelemnul
Zin
The Shining One
Jiyva

Annotations:
D:8 Gastronok


Innate Abilities, Weirdness & Mutations

You have a pair of small horns on your head.
You are mostly covered in thin metallic scales. (AC +3)
Your flesh is heat resistant. (rF+)
Your magical and physical power is slightly enhanced at high health.
You are immune to clouds of flame.


Message History

Gastronok waves his eye-stalks in wide circles.
The air twists around and strikes you!
* * * LOW HITPOINT WARNING * * *
Attack whom?
Aim: Gastronok, wearing a glowing hat (heavily wounded, covering ground quickly, lightly drained)
You reach to attack!
You puncture Gastronok! You drain Gastronok!
Attack whom?
Aim: Gastronok, wearing a glowing hat (heavily wounded, covering ground quickly, lightly drained)
You reach to attack!
You impale Gastronok!! You drain Gastronok!
Attack whom?
Aim: Gastronok, wearing a glowing hat (severely wounded, covering ground quickly, lightly drained)
You puncture Gastronok! You headbutt Gastronok.
Gastronok's eyestalks stretch out, then return to normal size.
Gastronok's eyestalks stretch out, then return to normal size.
Attack whom?
Aim: Gastronok, wearing a glowing hat (almost dead, covering ground quickly, lightly drained)
You reach to attack!
You puncture Gastronok!
Gastronok waves his eye-stalks in wide circles.
The air twists around and strikes you!
You die...

#.. #..#### #.#
# #... ......#
#.# # .....
#.###.# #.# #
#...##.# #.# #.#
# .....# #.# #
#.# #
#..##..###.##.#
#.# #
#...[)).(..(..#
#.# #
..#.##..###w####
#.# #..#
#@########.#
#..#
#..........#
...#
############
...## ####


You could see Gastronok.

Vanquished Creatures
  Prince Ribbit (D:5)
  The ghost of Apogee the Slinger, an amateur HaHu of Dithmenos (D:4)
  Eustachio (D:5)
  A water moccasin (D:8)
  A black bear (D:7)
  An orc warrior (D:7)
  3 phantoms
  2 sky beasts
  3 ogres
  3 centaurs
  A crocodile (D:5)
  A bullfrog (D:7)
  3 scorpions
  The ghost of zhorgal the Chopper, a weakling MiGl (D:6)
  3 killer bees (D:8)
  A bullfrog zombie (D:8)
  2 crimson imps
  4 hounds
  A jelly (D:6)
  5 orc priests
  A bullfrog skeleton (D:7)
  5 orc wizards
  A centaur skeleton (D:6)
  Terence (D:3)
  2 iguanas
  7 worker ants
  A hound zombie (D:5)
  15 adders
  2 shadow imps
  2 adder zombies
  2 worms
  2 adder skeletons
  A dart slug (D:1)
  2 leopard geckos
  27 orcs
  5 giant cockroaches
  8 hobgoblins
  4 jackals
  3 quokkas (D:3)
  6 bats
  7 frilled lizards
  A giant cockroach zombie (D:5)
  8 goblins
  4 kobolds
  A quokka zombie (D:5)
  2 rats
159 creatures vanquished.

Notes
Turn   | Place    | Note
-------+----------+-------------------------------------------
     0 | D:1      | kuniqs the Demonspawn Fighter began the quest for the Orb.
     0 | D:1      | Reached XP level 1. HP: 18/18 MP: 1/1
   149 | D:1      | Gained mutation: You have a pair of small horns on your head. [demonic ancestry]
   149 | D:1      | Reached XP level 2. HP: 15/24 MP: 2/2
   531 | D:2      | Reached skill level 1 in Dodging
   539 | D:2      | Gained mutation: You are partially covered in thin metallic scales. (AC +2) [demonic ancestry]
   539 | D:2      | Reached XP level 3. HP: 26/29 MP: 3/3
   989 | D:2      | Found a hide-covered altar of Uskayaw.
  1444 | D:3      | Gained mutation: Your flesh is heat resistant. (rF+) [demonic ancestry]
  1444 | D:3      | Reached XP level 4. HP: 34/35 MP: 4/4
  1562 | D:3      | Noticed Terence
  1575 | D:3      | Killed Terence
  1575 | D:3      | Reached XP level 5. HP: 29/42 MP: 5/5
  2448 | D:4      | Found a glowing golden altar of the Shining One.
  2485 | D:4      | Got an iridescent trident
  2486 | D:4      | Identified the +12 trident of the Forgotten Coins {drain, rElec} (You found it on level 4 of the Dungeon)
  2487 | D:4      | Gained mutation: You are immune to clouds of flame. [demonic ancestry]
  2487 | D:4      | Reached XP level 6. HP: 48/48 MP: 6/6
  2597 | D:4      | Noticed Apogee's ghost (amateur HaHu)
  2647 | D:5      | Entered Level 5 of the Dungeon
  2661 | D:4      | Killed Apogee's ghost
  2661 | D:4      | Reached skill level 1 in Polearms
  2775 | D:4      | Found a stormy altar of Qazlal.
  2806 | D:4      | Gained mutation: Your magical and physical power is slightly enhanced at high health. [demonic ancestry]
  2806 | D:4      | Reached XP level 7. HP: 55/55 MP: 7/7
  3221 | D:5      | Noticed Prince Ribbit
  3252 | D:5      | Reached skill level 5 in Fighting
  3345 | D:5      | Noticed Eustachio
  3349 | D:5      | Reached XP level 8. HP: 62/62 MP: 8/8
  3353 | D:5      | Killed Eustachio
  3545 | D:5      | Killed Prince Ribbit
  3545 | D:5      | Reached skill level 5 in Armour
  3897 | D:6      | Reached skill level 5 in Shields
  4124 | D:6      | Found a staircase to the Ecumenical Temple.
  4132 | Temple   | Entered the Ecumenical Temple
  4323 | D:6      | Found an iron altar of Okawaru.
  4331 | D:6      | Became a worshipper of Warmaster Okawaru
  4338 | D:6      | Found an ornate altar of the Wu Jian Council.
  4338 | D:6      | Found an ancient bone altar of Kikubaaqudgha.
  4346 | D:6      | Found a bloodstained altar of Trog.
  4350 | D:6      | Found a shadowy altar of Dithmenos.
  4366 | D:6      | Noticed zhorgal's ghost (weakling MiGl)
  4381 | D:6      | Killed zhorgal's ghost
  4396 | D:6      | Reached skill level 1 in Invocations
  4546 | D:6      | Gained mutation: You are mostly covered in thin metallic scales. (AC +3) [demonic ancestry]
  4546 | D:6      | Reached XP level 9. HP: 66/69 MP: 9/9
  4592 | D:6      | Found an opulent altar of Gozag.
  4593 | D:6      | Found a sparkling altar of Nemelex Xobeh.
  4685 | D:6      | Got a shimmering golden amulet
  4690 | D:6      | Identified the amulet "Unaewesa" {Harm *Drain rC+} (You took it off an orc on level 6 of the Dungeon)
  4723 | D:6      | Found a basalt altar of Yredelemnul.
  5093 | D:7      | Found a blossoming altar of Fedhas.
  5224 | D:7      | Found a stormy altar of Qazlal.
  5264 | D:7      | Found a glowing silver altar of Zin.
  5273 | D:7      | Reached * piety under Okawaru
  5290 | D:7      | Reached skill level 5 in Dodging
  5864 | D:8      | Noticed Gastronok
  5869 | D:8      | Reached ** piety under Okawaru
  5883 | D:8      | Killed from afar by Gastronok

Vault maps used:
D:1:      lightli_molten_gateway
D:2:      lemuel_coloured_pillars_altar
D:3:      minmay_misc_feat_five, uniq_terence
D:4:      tso_oasis_becter, minivault_14, abandoned_shop,
          nicolae_qazlal_eye_of_the_storm
D:5:      first_bread, serial_bayou_pond_c, uniq_eustachio, uniq_prince_ribbit1
D:6:      grunt_temple_overflow_opulence, lemuel_doored_altar,
          minmay_overflow_temple_star_hex, temple_statues, minmay_crystal_room
D:7:      grunt_temple_overflow_forces_of_nature, overflow_temple_1_default
D:8:      cheibrodos_elevator_heist, uniq_gastronok
Temple:   pf_slime_end_temple

Skill      XL: |  1  2  3  4  5  6  7  8  9 |
---------------+----------------------------+-----
Long Blades    | 2 3 |  3.0
Dodging        | 1 2 3 4 5 |  5.3
Shields        | 3 4 5 6 |  6.1
Armour         | 3 4 5 6 |  6.1
Fighting       | 4 5 6 |  6.6
Polearms       | 1 2 3 4 |  4.7
Invocations    | 1 3 |  3.8

Action                   |  1- 3 |  4- 6 |  7- 9 || total
-------------------------+-------+-------+-------++-------
Melee: Long sword        |    46 |       |       ||    46
       Headbutt          |    24 |    21 |    21 ||    66
       Dagger            |    72 |    10 |       ||    82
       Flail             |       |    97 |       ||    97
       Trident           |       |    19 |   211 ||   230
  Use: Potion            |       |       |     1 ||     1
  Eat: Chunk             |    19 |     5 |     6 ||    30
Armor: Scale mail        |    42 |    63 |    56 ||   161
Dodge: Dodged            |    34 |    37 |    66 ||   137
Block: Shield            |    47 |    62 |    84 ||   193
       Rpst.: Long sword |    10 |       |       ||    10
